 Dungeon Crawl Stone Soup version 0.28.0 (webtiles) character file.

Game seed: 5594651422764332248

23 horus123 the Grave Robber (level 2, 0/15 HPs)
             Began as a Deep Elf Necromancer on Feb 17, 2022.
             Killed from afar by a dart slug (1 damage)
             ... with a slug dart
             ... on level 2 of the Dungeon.
             The game lasted 00:01:31 (1683 turns).

horus123 the Grave Robber (Deep Elf Necromancer)    Turns: 1683, Time: 00:01:31

Health: 0/15       AC:  2    Str:  5    XL:     2   Next: 75%
Magic:  1/9        EV: 12    Int: 19    God:
Gold:   41         SH:  0    Dex: 15    Spells: 7/9 levels left

rFire   . . .      SeeInvis .   b - +0 short sword
rCold   . . .      Faith    .   (no shield)
rNeg    . . .      Spirit   .   a - +0 robe
rPois   .          Reflect  .   (no helmet)
rElec   .          Harm     .   (no cloak)
rCorr   .          Rampage  .   (no gloves)
Will    .....                   (no boots)
Stlth   ++........              (no amulet)
HPRegen 0.05/turn               (no ring)
MPRegen 0.11/turn               (no ring)

@: no status effects
A: no striking features
a: no special abilities


You were on level 2 of the Dungeon.
You visited 1 branch of the dungeon, and saw 2 of its levels.

You collected 41 gold pieces.

Inventory:

Hand Weapons
 b - a +0 short sword (weapon)
Armour
 a - a +0 robe (worn)
Scrolls
 c - a scroll of teleportation {unknown}
 d - a scroll of vulnerability {unknown}
 e - a scroll of immolation {unknown}
Potions
 f - a potion of ambrosia {unknown}


   Skills:
 - Level 2.6 Dodging
 - Level 2.4 Stealth
 - Level 4.0 Spellcasting
 + Level 5.2 Necromancy


You had 7 spell levels left.
You knew the following spells:

 Your Spells              Type           Power      Damage    Failure   Level
a - Pain                  Necr           92%        1d8       1%          1
b - Animate Skeleton      Necr           46%        N/A       1%          1

Your spell library contained the following spells:

 Spells                   Type           Power      Damage    Failure   Level
 Vampiric Draining        Necr           23%        2d7       4%          3
 Animate Dead             Necr           11%        N/A       16%         4
 Agony                    Necr           23%        N/A       41%         5


Dungeon Overview and Level Annotations

Branches:
Dungeon (2/15)

Altars:


Message History

Done exploring.
(D) Dungeon
Where to? (? - help)
What level of the Dungeon? (default 1, ? - help)
You see here a +0 club.
There is a stone staircase leading down here.
You climb downwards.
Found 21 arrows.
Found an escape hatch in the floor.
Found a stone staircase leading down.
There is a stone staircase leading up here.
There are monsters nearby!
Found a grey potion.
The kobold writhes in agony.
The kobold barely resists.
The kobold hits you with a +0 club.
The kobold writhes in agony.
You kill the kobold!
Your Spellcasting skill increases to level 4!
The dart slug writhes in agony.
The dart slug launches a dart at you. The slug dart misses you.
The giant cockroach writhes in agony.
The dart slug launches a dart at you. The slug dart hits you.
* * * LOW HITPOINT WARNING * * *
The giant cockroach barely misses you.
Unknown command.
Aiming: Pain (safe; 1% risk of failure)
Press: ? - help, Q - select action, (/) - cycle Shift-Dir - straight line, f/p - giant cockroach
Aim: a giant cockroach (moderately wounded, chance to affect: 91%)
The giant cockroach barely resists.
The giant cockroach bites you but does no damage.
Unknown command.
Aiming: Pain (safe; 1% risk of failure)
Press: ? - help, Q - select action, (/) - cycle Shift-Dir - straight line, f/p - giant cockroach
Aim: a giant cockroach (moderately wounded, chance to affect: 91%)
The giant cockroach writhes in agony.
You kill the giant cockroach!
The dart slug launches a dart at you. The slug dart hits you.
You die...

#.# .. ##.#
#.. #+#...
.. .....#
#.##....!#
#>>......#
#...#...
#..<#.#
#...@.#
#....)#
.......(...
....w.######
.......
#......
#......
.....


You could see a dart slug.

Vanquished Creatures
  A dart slug (D:1)
  6 endoplasms (D:1)
  A giant cockroach (D:2)
  A goblin (D:1)
  2 hobgoblins (D:1)
  2 bats (D:1)
  2 frilled lizards (D:1)
  3 kobolds
  5 rats (D:1)
23 creatures vanquished.

Notes
Turn   | Place    | Note
-------+----------+-------------------------------------------
     0 | D:1      | horus123 the Deep Elf Necromancer began the quest for the
                  | Orb.
     0 | D:1      | Reached XP level 1. HP: 10/10 MP: 6/6
    28 | D:1      | Learned a level 1 spell: Animate Skeleton
   318 | D:1      | Reached skill level 5 in Necromancy
   487 | D:1      | Reached XP level 2. HP: 14/15 MP: 6/8
   913 | D:1      | Found a faded altar of an unknown god.
  1683 | D:2      | Killed from afar by a dart slug

Illustrated notes

Levels and vault maps discovered:
D:1:      dpeg_arrival_three_same_balls, layout_basic,
          shapermc_ecumenical_altar_venn
D:2:      layout_basic, basic_altar

Skill      XL: |  1  2 |
---------------+-------+-----
Necromancy     | 5 |  5.2
Spellcasting   | 4 |  4.0
Dodging        | |  2.6
Stealth        | |  2.4

Action                   || total
-------------------------++-------
 Cast: Pain              ||    38
       Animate Skeleton  ||     1
Armor: Robe              ||     1
Dodge: Dodged            ||     2
